 Dungeon Crawl Stone Soup version 0.29-a0-298-g3c90f9a769 (webtiles) character file.

Game seed: 7925788300096555369

1102 Dabor the Stinger (level 8, -1/31 (39) HPs)
             Began as a Deep Elf Venom Mage on Mar 23, 2022.
             Was an Initiate of Vehumet.
             Slain by a wight
             ... wielding a +0 short sword
              (7 damage)
             ... on level 6 of the Dungeon.
             The game lasted 00:12:28 (5803 turns).

Dabor the Stinger (Deep Elf Venom Mage)             Turns: 5803, Time: 00:12:29

HP:   -1/31 (39)    AC:  3    Str:  9      XL:     8   Next: 10%
MP:   18/19         EV: 14    Int: 23      God:    Vehumet [......]
Gold: 1256          SH:  0    Dex: 14 (15) Spells: 11/19 levels left

rFire   . . .      SeeInvis .   k - +10 spear of Disintegration {venom, +Blink rPois Str+4 Stlth+}
rCold   . . .      Faith    .   (no shield)
rNeg    . . .      Spirit   .   a - +0 robe
rPois   +          Reflect  .   (no helmet)
rElec   .          Harm     .   (no cloak)
rCorr   .          Rampage  .   o - +0 pair of gloves
Will    +....                   (no boots)
Stlth   ++++......              j - amulet of regeneration
HPRegen 0.90/turn               (no ring)
MPRegen 0.16/turn               (no ring)

@: heavily drained
A: frail 1, strong-willed 1
a: Renounce Religion, Evoke Blink


You were on level 6 of the Dungeon.
You worshipped Vehumet.
Vehumet was noncommittal.
You visited 2 branches of the dungeon, and saw 7 of its levels.

You collected 1308 gold pieces.
You spent 52 gold pieces at shops.

Inventory:

Hand Weapons
 k - the +10 spear of Disintegration (weapon) {venom, +Blink rPois Str+4 Stlth+}
   (You found it on level 2 of the Dungeon)

   It poisons the flesh of those it strikes.
   Str:       It affects your strength (+4).
   rPois:     It protects you from poison.
   +Blink:    It lets you blink.
   Stlth:     It makes you more stealthy.
Armour
 a - a +0 robe (worn)
 o - a +0 pair of gloves (worn)
Jewellery
 h - an amulet of reflection
 j - an amulet of regeneration (around neck)
Wands
 p - a wand of polymorph (10)
Scrolls
 d - a scroll of enchant armour {unknown}
 e - 3 scrolls of fear
 f - a scroll of amnesia
 g - 2 scrolls of immolation {unknown}
 m - 3 scrolls of teleportation
 s - a scroll of enchant weapon
Potions
 b - a potion of magic
 c - a potion of lignification {unknown}
 i - 4 potions of mutation {unknown}
 l - 3 potions of heal wounds {unknown}
 n - a potion of attraction {unknown}
 q - a potion of resistance {unknown}
 r - a potion of flight {unknown}
 t - 2 potions of brilliance {unknown}


   Skills:
 - Level 2.0 Fighting
 + Level 5.6 Dodging
 - Level 4.0 Stealth
 + Level 6.2 Spellcasting
 - Level 3.0 Transmutations
 * Level 7.1 Poison Magic


You had 11 spell levels left.
You knew the following spells:

 Your Spells              Type           Power      Damage    Failure   Level
a - Sting                 Tmut/Pois      100%       1d8       1%          1
b - Poisonous Vapours     Pois/Air       46%        N/A       3%          2
c - Olgreb's Toxic Radia  Pois           40%        N/A       4%          4
d - Animate Skeleton      Necr           14%        N/A       9%          1

Your spell library contained the following spells:

 Spells                   Type           Power      Damage    Failure   Level
 Spider Form              Tmut/Pois      30%        N/A       3%          3
 Apportation              Tloc           14%        N/A       9%          1
 Summon Small Mammal      Summ           28%        N/A       9%          1
 Mephitic Cloud           Conj/Pois/Air  18%        N/A       10%         3
 Corpse Rot               Necr/Air       14%        N/A       13%         2
 Ensorcelled Hibernation  Hex/Ice        14%        N/A       13%         2
 Portal Projectile        Hex/Tloc       14%        N/A       26%         3
 Ice Form                 Ice/Tmut       14%        N/A       41%         4
 Blade Hands              Tmut           10%        N/A       56%         5
 Anguish                  Hex/Necr       3%         N/A       63%         4
 Summon Ice Beast         Ice/Summ       7%         N/A       63%         4
 Excruciating Wounds      Necr           3%         N/A       93%         5
 Simulacrum               Ice/Necr       3%         N/A       100%        6


Dungeon Overview and Level Annotations

Branches:
Dungeon (6/15)             Temple (1/1) D:5

Altars:
Ashenzari
Cheibriados
Dithmenos
Elyvilon
Fedhas
Gozag
Makhleb
Nemelex Xobeh
Okawaru
Qazlal
Sif Muna
Trog
Uskayaw
Vehumet
Xom
Yredelemnul

Shops:
D:5 *


Innate Abilities, Weirdness & Mutations

You are frail. (-10% HP)
You are strong-willed. (Will+)


Message History

The wight is lightly damaged.
The wight hits you with a +0 short sword.
You closely miss the wight.
The wight is lightly damaged.
The wight hits you with a +0 short sword.
You feel drained.
You barely miss the wight.
The wight is lightly damaged.
The wight barely misses you.
You hit the wight but do no damage.
The wight is lightly damaged.
The wight misses you.
You hit the wight.
The wight is heavily damaged.
The wight hits you with a +0 short sword!
You feel drained. The wight barely misses you.
You are too injured to fight recklessly!
You hit the wight.
The wight is heavily damaged.
The wight hits you with a +0 short sword.
You feel drained.
You hit the wight but do no damage.
The wight is heavily damaged.
The wight hits you with a +0 short sword!
* * * LOW HITPOINT WARNING * * *
You feel drained.
* * * LOW HITPOINT WARNING * * *
You hit the wight.
The wight is severely damaged.
The wight hits you with a +0 short sword.
* * * LOW HITPOINT WARNING * * *
You feel drained.
* * * LOW HITPOINT WARNING * * *
You closely miss the wight.
The wight is severely damaged.
The wight barely misses you.
You hit the wight but do no damage.
The wight is severely damaged.
The wight hits you with a +0 short sword!
You die...

#############
#...........#
#...........#
#...........###########
#..........†'..z@.....#
#...........#########.#
....).......# #.#
............# #.#
..........### #.#
.#......### #.#
.#......# #.# .#......#
#.# .#......# #.#


You could see a wight.

Vanquished Creatures
  A water moccasin (D:5)
  An ice beast (D:5)
  An ogre (D:4)
  2 centaurs (D:5)
  A phantom (D:5)
  4 scorpions
  A wight (D:6)
  A hound (D:6)
  A jelly (D:4)
  An orc priest (D:5)
  2 iguanas (D:4)
  An orc wizard (D:5)
  5 adders
  6 worms
  3 dart slugs
  15 orcs
  7 ball pythons
  3 endoplasms
  A giant cockroach (D:4)
  7 goblins
  3 hobgoblins
  5 quokkas
  6 bats
  2 frilled lizards (D:3)
  6 kobolds
  6 rats
92 creatures vanquished.

Notes
Turn   | Place    | Note
-------+----------+-------------------------------------------
     0 | D:1      | Dabor the Deep Elf Venom Mage began the quest for the Orb.
     0 | D:1      | Reached XP level 1. HP: 10/10 MP: 6/6
   420 | D:1      | Found a faded altar of an unknown god.
   513 | D:1      | Reached XP level 2. HP: 15/15 MP: 5/8
   778 | D:1      | Prayed at the altar of an unknown god.
   778 | D:1      | Became a worshipper of Xom of Chaos
  1101 | D:2      | XOM: cloud trail
  1109 | D:2      | Reached XP level 3. HP: 19/19 MP: 5/9
  1340 | D:2      | Noticed a scorpion
  1342 | D:2      | XOM: confuse monster(s)
  1343 | D:2      | XOM: silly message
  1346 | D:2      | Killed a scorpion
  1347 | D:2      | Reached XP level 4. HP: 24/24 MP: 6/11
  1753 | D:2      | Reached skill level 4 in Poison Magic
  1996 | D:2      | XOM: god gift: amulet of regeneration
  2020 | D:2      | Identified the +10 spear of Disintegration {venom, +Blink
                  | rPois Str+4 Stlth+}
  2102 | D:3      | Found an iron altar of Okawaru.
  2223 | D:3      | XOM: enchant monster (good)
  2287 | D:3      | Reached XP level 5. HP: 28/28 MP: 13/13
  2643 | D:3      | Found a stormy altar of Qazlal.
  2675 | D:3      | XOM: smoke on damage
  2741 | D:3      | Found a burning altar of Makhleb.
  2743 | D:3      | Noticed an Executioner
  2813 | D:3      | XOM: give mutation
  2813 | D:3      | Gained mutation: You are strong-willed. (Will+) [Xom's
                  | mischief]
  2941 | D:4      | Found a hide-covered altar of Uskayaw.
  3138 | D:4      | Learned a level 2 spell: Poisonous Vapours
  3143 | D:4      | Learned a level 4 spell: Olgreb's Toxic Radiance
  3145 | D:4      | Learned a level 1 spell: Animate Skeleton
  3418 | D:4      | Noticed an ogre
  3427 | D:4      | Killed an ogre
  3428 | D:4      | Reached skill level 1 in Fighting
  3428 | D:4      | Reached XP level 6. HP: 16/34 MP: 7/14
  3525 | D:4      | XOM: god gift: scale mail {god gift}
  3654 | D:4      | XOM: god gift: 926 gold pieces
  3769 | D:4      | XOM: god gift: Xom's Volume of the Catfish {god gift}
  3770 | D:4      | Got Xom's Volume of the Catfish {god gift}
  3784 | D:4      | XOM is BORED!
  3812 | D:5      | Entered Level 5 of the Dungeon
  3822 | D:5      | Reached skill level 5 in Poison Magic
  3846 | D:5      | XOM: noise
  3935 | D:5      | Reached skill level 5 in Spellcasting
  3935 | D:5      | Reached XP level 7. HP: 39/39 MP: 12/16
  3958 | D:5      | XOM: silly message
  4005 | D:5      | Reached skill level 6 in Poison Magic
  4159 | D:5      | Found an opulent altar of Gozag.
  4285 | D:5      | XOM: cloud trail
  4328 | D:5      | Found a staircase to the Ecumenical Temple.
  4389 | Temple   | Entered the Ecumenical Temple
  4566 | Temple   | Fell from the grace of Xom
  4566 | Temple   | Became a worshipper of Vehumet
  4619 | D:5      | Found a shimmering altar of Xom.
  4717 | D:5      | Reached skill level 5 in Dodging
  5028 | D:5      | Found Lare's CLEARANCE SALE!.
  5031 | D:5      | Bought a scroll of enchant weapon for 37 gold pieces
  5031 | D:5      | Bought a scroll of teleportation for 15 gold pieces
  5084 | D:5      | XOM: give mutation
  5084 | D:5      | Gained mutation: You are frail. (-10% HP) [Xom's mischief]
  5341 | D:5      | Found a sparkling altar of Nemelex Xobeh.
  5417 | D:5      | XOM: summons 5 hostile demons
  5517 | D:5      | XOM: summons 5 hostile demons
  5545 | D:5      | Reached XP level 8. HP: 33/39 MP: 19/19
  5547 | D:5      | Reached skill level 7 in Poison Magic
  5603 | D:5      | XOM: give mutations
  5603 | D:5      | Gained mutation: You are clumsy. (Dex -2) [Xom's mischief]
  5603 | D:5      | Lost mutation: You are clumsy. (Dex -2) [Xom's mischief]
  5656 | D:6      | XOM: stat loss: -1 Dex (14/15)
  5803 | D:6      | Slain by a wight

Illustrated notes

Levels and vault maps discovered:
D:1:      heliophobic_arrival_ceremonial_halls, layout_rooms,
          dreamdust_ecumenical_altar_statues, roderic_roman_lattice
D:2:      layout_loops_corners, chequers_mini_garden
D:3:      minmay_inner_zag, layout_basic, okawaru_ov_weapons_minmay,
          lemuel_tele_altar, makhleb_altar_promises_db
D:4:      layout_basic, nicolae_uskayaw_murder_on_the_dancefloor
D:5:      layout_loops_corners, nicolae_gozag_seed_capital,
          mainiacjoe_overflow_big_doors, temple_doors_e, nicolae_shop_clearance
D:6:      layout_basic, tso_oasis_becter, minmay_door_square,
          uniq_crazy_yiuf_cottage, uniq_duvessa
Temple:   chequers_temple_sunken

Skill      XL: |  1  2  3  4  5  6  7  8 |
---------------+-------------------------+-----
Stealth        | 3 4 |  4.0
Dodging        | 3 4 5 |  5.6
Transmutations | 2 3 |  3.0
Spellcasting   | 4 5 6 |  6.2
Poison Magic   | 4 5 6 7 |  7.1
Fighting       | 1 2 |  2.0

Action                   |  1- 3 |  4- 6 |  7- 9 || total
-------------------------+-------+-------+-------++-------
Melee: Unarmed           |     2 |       |       ||     2
       Spear             |       |    72 |    67 ||   139
       Punch             |       |     1 |     1 ||     2
 Cast: Sting             |    42 |    45 |    38 ||   125
       Poisonous Vapours |       |     6 |     8 ||    14
       Olgreb's Toxic Ra |       |     2 |     6 ||     8
 Abil: Evoke Blink       |       |     1 |       ||     1
  Use: Scroll            |       |     5 |       ||     5
 Stab: Sleeping          |       |    12 |     3 ||    15
Armor: Robe              |       |     6 |    15 ||    21
Dodge: Dodged            |    11 |    45 |    38 ||    94

Table legend: (Time is in decaauts)
 A = Elapsed time spent in this place.
 B = Non-inter-level travel time spent in this place.
 C = Inter-level travel time spent in this place.
 D = Time resting spent in this place.
 E = Time spent auto-exploring this place.
 F = Levels seen in this place.
 G = Mean time per level.
                   A        B        C        D        E       F      G
               +--------+--------+--------+--------+--------+-----+--------+
         Total |   5860 |   5567 |    293 |     97 |   4594 |   7 |  837.1 |
       Dungeon |   5623 |   5362 |    261 |     97 |   4395 |   6 |  937.2 |
        Temple |    237 |    205 |     32 |      0 |    199 |   1 |  237.0 |
               +--------+--------+--------+--------+--------+-----+--------+

Top non-repeatable levels by time:
     D:5: 1628 daAuts
     D:2: 1247 daAuts
     D:4: 909 daAuts
     D:3: 864 daAuts
     D:1: 797 daAuts
  Temple: 237 daAuts
     D:6: 177 daAuts
